 Dungeon Crawl Stone Soup version 0.31.0-9-g3a7656b989 (webtiles) character file.

Game seed: 13423489895791359431

702 qw the Skirmisher (level 7, -3/39 HPs)
             Began as a Deep Elf Hunter on Feb 2, 2024.
             Was a Follower of Okawaru.
             Slain by a sleepcap (7 damage)
             ... on level 5 of the Dungeon.
             The game lasted 00:00:13 (3467 turns).

qw the Skirmisher (Deep Elf Hunter)                 Turns: 3467, Time: 00:00:13

Health: -3/39      AC:  6    Str: 16    XL:     7   Next: 39%
Magic:  9/11       EV: 17    Int: 14    God:    Okawaru [*.....]
Gold:   218        SH:  0    Dex: 18    Spells: 6/6 levels left

rFire   . . .        a - +1 shortbow
rCold   . . .        (shield currently unavailable)
rNeg    . . .        k - +0 ring mail
rPois   .            (no helmet)
rElec   .            (no cloak)
rCorr   .            (no gloves)
SInv    .            (no boots)
Will    +....        (no amulet)
Stlth   +++          g - ring of willpower
HPRegen 0.26/turn    j - +6 ring of strength
MPRegen 0.12/turn

%: no passive effects
@: heroic
A: no striking features
a: Renounce Religion, Heroism


You were on level 5 of the Dungeon.
You worshipped Okawaru.
Okawaru was aware of your devotion.
You visited 1 branch of the dungeon, and saw 5 of its levels.

You collected 218 gold pieces.


   Skills:
 + Level 1.9(6.9) Fighting
 - Level 9.2(14.2) Ranged Weapons
 - Level 5.6(10.6) Dodging
 - Level 1.2(6.2) Stealth
 + Level 3.7 Invocations


You had 6 spell levels left.
You didn't know any spells.
Your spell library was empty.

Inventory:

Hand Weapons
 a - a +1 shortbow (weapon)
Armour
 k - a +0 ring mail (worn)
Jewellery
 g - a ring of willpower (left hand)
 j - a +6 ring of strength (right hand)
Potions
 d - a potion of might {unknown}
 e - a potion of resistance {unknown}
 f - 2 potions of curing
 h - 2 potions of enlightenment
 i - a potion of magic {unknown}

Dungeon Overview and Level Annotations

Branches:
Dungeon (5/15)             Temple (0/1) D:4

Altars:
Fedhas
Okawaru
Uskayaw
Wu Jian
The Shining One

Annotations:
D:5 Blork the orc


Message History

You shoot an arrow.
The arrow hits Blork the orc but does no damage.
Blork the orc is moderately wounded.
Blork the orc hits you from afar with a +2 glaive of freezing!
Blork the orc freezes you.
You shoot an arrow.
The arrow hits Blork the orc but does no damage.
Blork the orc is moderately wounded.
Blork the orc barely misses you.
You shoot an arrow.
The arrow hits Blork the orc but does no damage.
Blork the orc is moderately wounded.
Blork the orc points at you and mumbles some strange words.
The puff of frost hits you.
You shoot an arrow. The arrow hits Blork the orc.
Blork the orc is moderately wounded.
Blork the orc closely misses you.
You shoot an arrow. The arrow hits the sleepcap.
The sleepcap is lightly damaged.
The sleepcap releases spores at you but does no damage.
Blork the orc casts a spell at you. The puff of flame hits you!
You shoot an arrow. The arrow hits the sleepcap.
The sleepcap is lightly damaged.
The sleepcap barely misses you. Blork the orc closely misses you.
You shoot an arrow. The arrow hits the sleepcap.
The sleepcap is moderately damaged.
The sleepcap releases spores at you.
Blork the orc casts a spell.
Blork the orc seems to speed up.
Enter note:
3466 ||| INVOKING Heroism.
You gain the combat prowess of a mighty hero.
Blork the orc screams, "I'll eat your brain!
And then I'll vomit it back up!"
Blork the orc misses you. The sleepcap barely misses you.
Blork the orc misses you.
You shoot an arrow. The arrow hits the sleepcap!
The sleepcap is severely damaged.
The sleepcap releases spores at you!
You die...

#...######.# #...# ...
.. # #...# #. ... ##.###
######.#.#. .
####...###.. ..... #..
(........#.# #...##..
.#.......#.####...o.
..............##f.#####.
.#.........##.##@.......
...........##.##.##...##
###..............# ##
#...###.###.####
#.#.....# #...#
#...##### ###.# ##.# #.#
#.# #.#


You could see Blork the orc (fast) and a sleepcap.

Vanquished Creatures
  Grinder (D:3)
  2 black bears
  A bombardier beetle (D:4)
  A jelly (D:5)
  An orc priest (D:3)
  2 hounds (D:4)
  2 sleepcaps
  4 adders
  2 dart slugs
  5 orcs
  11 endoplasms
  6 giant cockroaches
  5 goblins
  8 hobgoblins
  5 jackals (D:1)
  2 quokkas
  4 ball pythons
  A bat (D:3)
  5 frilled lizards
  9 kobolds
  5 rats
82 creatures vanquished.

Notes
Turn   | Place    | Note
-------+----------+-------------------------------------------
     0 | D:1      | qw the Deep Elf Hunter began the quest for the Orb.
     0 | D:1      | Reached XP level 1. HP: 12/12 MP: 3/3
     0 | D:1      | 0 ||| qw: Version: 0.3-a-155-g5e7d8dd
     0 | D:1      | 0 ||| qw: Game counter: 1847
     0 | D:1      | 0 ||| qw: Melee chars always use a shield: true
     0 | D:1      | 0 ||| qw: God list: Okawaru
     0 | D:1      | 0 ||| qw: Allow faded altars: false
     0 | D:1      | 0 ||| qw: Do Orc after clearing Dungeon:15 true
     0 | D:1      | 0 ||| qw: Do second Lair branch before Depths: true
     0 | D:1      | 0 ||| qw: Lair rune preference: random
     0 | D:1      | 0 ||| qw: Goals: Normal
     0 | D:1      | 0 ||| PLANNING D:1-11
   125 | D:1      | Found a faded altar of an unknown god.
   192 | D:1      | Reached XP level 2. HP: 16/16 MP: 4/4
   207 | D:1      | Reached skill level 6 in Ranged Weapons
   453 | D:1      | Reached XP level 3. HP: 20/20 MP: 5/5
   607 | D:1      | 607 ||| UPGRADING to ring of willpower.
   608 | D:1      | 608 ||| READING scroll labelled SUDUALIETH.
   608 | D:1      | 608 ||| ENCHANTING +0 shortbow.
   609 | D:1      | 609 ||| READING scroll labelled JUQOUTS FODIRIAP.
   610 | D:1      | 610 ||| READING scroll labelled VUR HEFRAFFIUN.
   711 | D:1      | 711 ||| DROPPING scroll of butterflies.
   917 | D:2      | Reached skill level 7 in Ranged Weapons
  1410 | D:2      | 1410 ||| UPGRADING to +6 ring of strength.
  1411 | D:2      | 1411 ||| READING scroll labelled OLYME CIEXEWEU.
  1411 | D:2      | 1411 ||| IDENTIFYING fizzy grey potion
  1412 | D:2      | 1412 ||| READING 3 scrolls labelled LIANOELL NECAL.
  1413 | D:2      | 1413 ||| DROPPING 2 scrolls of immolation.
  1441 | D:3      | Found a glowing golden altar of the Shining One.
  1609 | D:3      | Reached XP level 4. HP: 25/25 MP: 6/6
  1615 | D:3      | Found an iron altar of Okawaru.
  1616 | D:3      | 1616 ||| PLANNING OKAWARU WORSHIP
  1616 | D:3      | 1616 ||| DRINKING 2 bubbling pink potions.
  1624 | D:3      | Became a worshipper of Warmaster Okawaru
  1625 | D:3      | 1625 ||| PLANNING D:1-11
  1654 | D:3      | Found a blossoming altar of Fedhas.
  1687 | D:3      | 1687 ||| FLEEEEING.
  1692 | D:3      | 1692 ||| FLEEEEING.
  1697 | D:3      | Reached skill level 8 in Ranged Weapons
  1697 | D:3      | HP: 6/25 [poisoned by an adder]
  1857 | D:3      | Found an ornate altar of the Wu Jian Council.
  1942 | D:3      | Noticed Grinder
  1943 | D:3      | 1943 ||| DRINKING potion of haste.
  1956 | D:3      | Killed Grinder
  1956 | D:3      | Reached * piety under Okawaru
  1957 | D:3      | Reached XP level 5. HP: 28/29 MP: 7/7
  1957 | D:3      | Reached XP level 6. HP: 33/34 MP: 8/8
  2298 | D:3      | 2298 ||| UPGRADING to +0 ring mail.
  2308 | D:3      | 2308 ||| DROPPING +0 leather armour.
  2309 | D:3      | 2309 ||| READING scroll of identify.
  2309 | D:3      | 2309 ||| IDENTIFYING smoky white potion
  2310 | D:3      | 2310 ||| READING 2 scrolls labelled SEFEIR KEACH.
  2311 | D:3      | 2311 ||| DROPPING potion of ambrosia.
  2312 | D:3      | 2312 ||| DROPPING scroll of poison.
  2314 | D:3      | 2314 ||| Stepping ~*~*~tactically~*~*~ (cloud).
  2514 | D:4      | Reached skill level 1 in Invocations
  2968 | D:4      | Found a hide-covered altar of Uskayaw.
  2978 | D:4      | 2978 ||| INVOKING Heroism.
  3112 | D:4      | Reached XP level 7. HP: 38/38 MP: 10/10
  3146 | D:4      | Found a staircase to the Ecumenical Temple.
  3225 | D:4      | 3225 ||| DRINKING 3 puce potions.
  3261 | D:5      | Entered Level 5 of the Dungeon
  3280 | D:5      | 3280 ||| INVOKING Heroism.
  3285 | D:5      | Reached skill level 9 in Ranged Weapons
  3285 | D:5      | Reached skill level 3 in Invocations
  3453 | D:5      | Noticed Blork the orc
  3463 | D:5      | HP: 4/39 [Blork the orc/puff of flame (7)]
  3466 | D:5      | 3466 ||| INVOKING Heroism.
  3467 | D:5      | Slain by a sleepcap

Levels and vault maps discovered:
D:1:      psy_arrival_fountain, layout_basic, shapermc_ecumenical_altar_ellora
D:2:      layout_loops_ring
D:3:      layout_loops_ring, lemuel_coloured_pillars_altar,
          mainiacjoe_overflow_concentric_impassable,
          mainiacjoe_overflow_catwalk, nzn_wu_jian_contemplation,
          roderic_filled_cross, uniq_grinder
D:4:      layout_loops_ring, nicolae_uskayaw_dance_hall, temple_green
D:5:      layout_loops_cross, lemuel_round_altar, serial_bayou_pond_e,
          uniq_blork_the_orc

Skill      XL: |  1  2  3  4  5  6  7 |
---------------+----------------------+-----
Ranged Weapons | 6 7 8 9 |  9.2
Dodging        | 5 |  5.6
Invocations    | 2 3 |  3.7
Fighting       | |  1.9
Stealth        | |  1.2

Action                     |  1- 3 |  4- 6 |  7- 9 || total
---------------------------+-------+-------+-------++-------
   Fire: Shortbow          |   123 |   123 |    45 ||   291
 Invoke: Heroism           |       |     1 |     2 ||     3
    Use: Scroll            |     5 |     2 |       ||     7
         Potion            |       |     2 |     1 ||     3
 Armour: Leather armour    |    13 |     9 |       ||    22
         Ring mail         |       |    27 |    14 ||    41
  Dodge: Dodged            |    18 |    61 |    23 ||   102

Table legend:
 A = Non-vault XP
 B = Vault XP
 C = Vault XP percentage of total XP
 D = Non-vault monster count
 E = Vault monster count
 F = Vault count percentage of total count
                 A         B        C        D         E       F
            +---------+---------+-------+---------+---------+-------
      Total |     727 |     277 |  27.6 |      81 |       1 |   1.2
            +---------+---------+-------+---------+---------+-------
        D:1 |      44 |       0 |   0.0 |      25 |       0 |   0.0
        D:2 |      34 |       0 |   0.0 |      21 |       0 |   0.0
        D:3 |      90 |     277 |  75.5 |      12 |       1 |   7.7
        D:4 |     342 |       0 |   0.0 |      19 |       0 |   0.0
        D:5 |     217 |       0 |   0.0 |       4 |       0 |   0.0
            +---------+---------+-------+---------+---------+-------
